 Dungeon Crawl Stone Soup version 0.23-a0-696-gf95311e5ea (webtiles) character file.

46 LLavrengius the Stinger (level 3, 0/21 HPs)
             Began as an Octopode Venom Mage on Jan 12, 2019.
             Slain by an adder (3 damage)
             ... on level 2 of the Dungeon.
             The game lasted 00:04:42 (1795 turns).

LLavrengius the Stinger (Octopode Venom Mage)       Turns: 1795, Time: 00:04:42

Health: 0/21       AC:  1    Str:  7    XL:     3   Next: 66%
Magic:  4/6        EV: 13    Int: 18    God:
Gold:   35         SH:  0    Dex: 12    Spells: 4/7 levels left

rFire    . . .     SeeInvis .   f - +0 rapier
rCold    . . .     Gourm    .   (no shield)
rNeg     . . .     Faith    .   (helmet restricted)
rPois    +         Spirit   .   (no amulet)
rElec    .         Reflect  .   c - ring of poison resistance
rCorr    .         Harm     .   (no ring)
MR       .....                  (no ring)
Stlth    +++.......             (no ring)
HPRegen  0.07/turn              (no ring)
MPRegen  0.10/turn              (no ring)
                                (no ring)
                                (no ring)

@: no status effects
A: almost no armour, stealthy swim, amphibious, 8 rings, constrict 8, camouflage
1, gelatinous body 1
a: no special abilities


You were on level 2 of the Dungeon.
You were not hungry.

You visited 1 branch of the dungeon, and saw 2 of its levels.

You collected 35 gold pieces.

Inventory:

Hand Weapons
 f - a +0 rapier (weapon)
Jewellery
 c - a ring of poison resistance (left tentacle)
Scrolls
 a - 4 scrolls of remove curse {unknown}
 e - a scroll of blinking {unknown}
 i - a scroll of identify {unknown}
Potions
 d - a potion of berserk rage {unknown}
 g - a potion of degeneration {unknown}
 h - a potion of curing {unknown}
Comestibles
 b - 4 rations
 j - 2 chunks of flesh


   Skills:
 - Level 2.0 Dodging
 - Level 3.0 Stealth
 + Level 2.5 Spellcasting
 - Level 1.0 Conjurations
 + Level 4.9 Poison Magic


You had 4 spell levels left.
You knew the following spells:

 Your Spells              Type           Power        Failure   Level  Hunger
a - Sting                 Conj/Pois      ##..         4%          1    #......
b - Poisonous Vapours     Pois/Air       ##....       10%         2    ##.....

Your spell library contained the following spells:

 Spells                   Type           Power        Failure   Level  Hunger
 Mephitic Cloud           Conj/Pois/Air  #.......     22%         3    ###....
 Olgreb's Toxic Radiance  Pois           ###.....     22%         4    #####..
 Venom Bolt               Conj/Pois      ##........   80%         5    ######.


Dungeon Overview and Level Annotations

Branches:
Dungeon (2/15)

Altars:


Innate Abilities, Weirdness & Mutations

You cannot wear most types of armour.
You are very stealthy in the water. (Stealth+)
You are amphibious.
You can wear up to eight rings at the same time.
You can use your tentacles to constrict eight enemies at once.
Your skin changes colour to match your surroundings (Stealth+).
Your rubbery body absorbs attacks. (AC +1, EV +1)


Message History

The adder hisses angrily.
An adder comes into view.
The adder closely misses you.
You barely miss the adder. Your grab misses the adder. The adder bites you.
You barely miss the adder. You grab the adder.
You constrict the adder, but do no damage.
The adder bites you. x2
You barely miss the adder. You constrict the adder. The adder bites you.
You are too injured to fight recklessly!
Casting: Poisonous Vapours (safe; 10% risk of failure)
Confirm with . or Enter, or press ? or * to list all spells.
Aiming: Poisonous Vapours (safe; 10% risk of failure)
Press: ? - help, Dir - move target cursor, f - adder
Aim: an adder (moderately wounded, constricted by you) Poisonous vapours surround the adder!
You constrict the adder.
The adder is engulfed in poison gas.
The adder is poisoned.
The adder bites you.
* * * LOW HITPOINT WARNING * * *
The adder looks even sicker.
The adder bites you.
You die...

######## ####
###......######
...#
##.#.##...@S...#
##.#
##....##.#.####.#
#.###....^##.#.#
#............#.#
#######.#.####.#
#.#.# #.# . #.#.#
#.# #.# #'#.. S.
# ...##


You could see 2 adders.

Vanquished Creatures
  A gnoll (D:1)
  2 worms (D:2)
  3 bats (D:1)
  A giant cockroach (D:2)
  3 goblins (D:1)
  4 hobgoblins
  3 jackals (D:1)
  A ball python (D:1)
  3 frilled lizards
  7 kobolds
  2 rats
30 creatures vanquished.

Notes
Turn   | Place    | Note
-------+----------+-------------------------------------------
     0 | D:1      | LLavrengius the Octopode Venom Mage began the quest for the
                  | Orb.
     0 | D:1      | Reached XP level 1. HP: 11/11 MP: 3/3
    52 | D:1      | Reached skill level 4 in Poison Magic
    52 | D:1      | Reached XP level 2. HP: 8/17 MP: 0/5
    56 | D:1      | Learned a level 2 spell: Poisonous Vapours
   476 | D:1      | Reached XP level 3. HP: 17/21 MP: 3/6
  1795 | D:2      | Slain by an adder

Vault maps used:
D:1:      dpeg_arrival_tiny_i
D:2:      first_ration

Skill      XL: |  1 |
---------------+----+-----
Stealth        | 3 |  3.0
Poison Magic   | 4 |  4.9
Dodging        | |  2.0
Spellcasting   | |  2.5
Conjurations   | |  1.0

Action                   || total
-------------------------++-------
Melee: Unarmed           ||    67
       Constrict         ||    23
       Tentacles         ||    10
       Rapier            ||    11
 Cast: Sting             ||     3
       Poisonous Vapours ||     6
 Stab: Sleeping          ||     6
       Distracted        ||     1
  Eat: Chunk             ||     3
Armor: Skin              ||     5
Dodge: Dodged            ||    62

Table legend:
 A = Non-vault XP
 B = Vault XP
 C = Vault XP percentage of total XP
 D = Non-vault monster count
 E = Vault monster count
 F = Vault count percentage of total count
                 A         B        C        D         E       F
            +---------+---------+-------+---------+---------+-------
      Total |      66 |       0 |   0.0 |      30 |       0 |   0.0
            +---------+---------+-------+---------+---------+-------
        D:1 |      48 |       0 |   0.0 |      22 |       0 |   0.0
        D:2 |      18 |       0 |   0.0 |       8 |       0 |   0.0
            +---------+---------+-------+---------+---------+-------
